 Dungeon Crawl Stone Soup version 0.32-a0-685-g93135e86f0 (webtiles) character file.

Game seed: 14259977864726191964

323620 gimp the Intangible (level 21, -10/270 HPs)
             Began as a Merfolk Shapeshifter on Mar 13, 2024.
             Was a High Priest of Trog.
             Mangled by a war gargoyle
             ... wielding a +1 great mace of protection
             ... led by a peacekeeper
              (66 damage)
             ... on level 4 of the Vaults.
             The game lasted 01:16:01 (34327 turns).

gimp the Intangible (Merfolk Shapeshifter)         Turns: 34327, Time: 01:16:01

Health: -10/270    AC:  8    Str: 13    XL:     21   Next: 58%
Magic:  21/21      EV: 36    Int: 14    God:    Trog [*****.]
Gold:   2387       SH:  0    Dex: 23    Spells: 20/20 levels left

rFire   + +          .
                       - Unarmed
rCold   + + +        (no shield)
rNeg    . . .        X - melded +0 acid dragon scales
rPois   +            b - +2 helmet
rElec   .            H - scarf {rC+ rF+}
rCorr   .            f - +1 pair of gloves of Duck's Teeth {rC+ Will+ Int+4}
SInv    .            Y - +2 pair of boots
Will    +++..        u - amulet of regeneration Stlth
                     a - ring of Ittodew {Fly rPois rC++ Str-2}
HPRegen 1.45/turn    l - ring of protection from fire
MPRegen 0.17/turn

%: clarity
@: berserking, maw-form, flying, very quick
A: devouring maw, (nimble swimmer 2), mertail, clarity, strong-willed 1, sense
surroundings 1, wild magic 1
}: 2/15 runes: decaying, serpentine
a: Begin Untransformation, Renounce Religion, Berserk, Trog's Hand, Brothers in
Arms


You were on level 4 of the Vaults.
You worshipped Trog.
Trog was extremely pleased with you.
You were a creature with a mouth for a stomach.
You visited 7 branches of the dungeon, and saw 35 of its levels.
You also visited: Gauntlet and Ice Cave.

You collected 4439 gold pieces.
You spent 2052 gold pieces at shops.

Inventory:

Missiles
 o - 2 throwing nets (quivered)
 A - 9 curare-tipped darts
Armour
 b - a +2 helmet (worn)
 f - the +1 pair of gloves of Duck's Teeth (worn) {rC+ Will+ Int+4}
   (You found it on level 1 of the Vaults)

   Int+4:     It affects your intelligence (+4).
   rC+:       It protects you from cold.
   Will+:     It increases your willpower.
 p - a +2 cloak of poison resistance
 H - a scarf of resistance (worn)
 U - a +3 leather armour of resistance
 X - +0 acid dragon scales (melded)
 Y - a +2 pair of boots (worn)
Jewellery
 a - the ring of Ittodew (left hand) {Fly rPois rC++ Str-2}
   (You found it in a Gauntlet)

   [ring of flight]

   Str-2:     It affects your strength (-2).
   rC++:      It greatly protects you from cold.
   rPois:     It protects you from poison.
   Fly:       It grants you flight.
 d - a ring of flight
 h - a ring of positive energy
 l - a ring of protection from fire (right hand)
 u - an amulet of regeneration (around neck)
 D - a ring of willpower
 V - a ring of see invisible
Talismans
 J - a serpent talisman
 Z - a maw talisman (active)
Wands
 n - a wand of digging (9)
 x - a wand of iceblast (18)
 I - a wand of light (17)
 M - a wand of mindburst (42)
 R - a wand of flame (68)
 W - a wand of paralysis (16)
Scrolls
 c - 8 scrolls of revelation
 g - 3 scrolls of blinking
 i - 3 scrolls of identify
 m - 4 scrolls of enchant armour
 r - 19 scrolls of teleportation
 v - 9 scrolls of fog
 w - 4 scrolls of immolation
 y - 2 scrolls of silence
 z - 7 scrolls of fear
 C - 4 scrolls of poison
 L - 2 scrolls of summoning
 P - 4 scrolls of vulnerability
 T - 3 scrolls of torment
Potions
 e - 4 potions of ambrosia
 q - 4 potions of enlightenment
 s - 7 potions of mutation
 t - a potion of resistance
 B - 2 potions of haste
 F - 6 potions of might
 G - 2 potions of attraction
 K - 11 potions of curing
 N - a potion of berserk rage
 O - 9 potions of heal wounds
 Q - 5 potions of lignification
Miscellaneous
 k - a lightning rod (4/4)
 E - a phantom mirror
 S - a phial of floods


   Skills:
 + Level 19.0 Fighting
 O Level 27 Dodging
 + Level 22.0 Unarmed Combat
 + Level 13.4 Evocations
 - Level 19.0 Shapeshifting


You had 20 spell levels left.
You didn't know any spells.
Your spell library contained the following spells:

 Spells                   Type           Power      Damage    Failure   Level
 Necrotise                Necr           0%         1d4       36%         1
 Blink                    Tloc           0%         N/A       50%         2
 Lesser Beckoning         Tloc           0%         N/A       50%         2
 Momentum Strike          Conj/Tloc      0%         3d8       50%         2
 Sublimation of Blood     Necr           0%         N/A       50%         2
 Dazzling Flash           Conj/Hex       0%         N/A       73%         3
 Tukima's Dance           Hex            0%         N/A       73%         3
 Vampiric Draining        Necr           0%         2d6       73%         3
 Dimensional Bullseye     Hex/Tloc       0%         N/A       98%         4
 Iskenderun's Mystic Bla  Conj/Tloc      0%         2d3       98%         4
 Martyr's Knell           Necr/Summ      0%         N/A       98%         4
 Petrify                  Alch/Erth      0%         N/A       98%         4
 Curse of Agony           Necr           0%         N/A       100%        5
 Irradiate                Conj/Alch      0%         3d11      100%        5
 Conjure Ball Lightning   Conj/Air       0%         3x3d6     100%        6
 Starburst                Conj/Fire      0%         6d3       100%        6
 Discord                  Hex            0%         N/A       100%        8
 Disjunction              Tloc           0%         N/A       100%        8
 Maxwell's Capacitive Co  Air            0%         ∞         100%        8


Dungeon Overview and Level Annotations

Branches:
Dungeon (15/15)            Temple (1/1) D:7            Lair (5/5) D:10
  Swamp (4/4) Lair:2        Snake (4/4) Lair:3        Slime (0/5) Lair:4
    Orc (2/2) D:12            Elf (0/3) Orc:2        Vaults (3/5) D:14
  Crypt (0/3) Vaults:2     Depths (0/4) D:15          IceCv (visited)
Gauntlet (visited)

Altars:
Ashenzari
Cheibriados
Dithmenos
Elyvilon
Fedhas
Hepliaklqana
Kikubaaqudgha
Makhleb
Nemelex Xobeh
Okawaru
Qazlal
Ru
Sif Muna
Trog
Uskayaw
Vehumet
Wu Jian
Xom
Yredelemnul
Zin
The Shining One

Shops:
D:9 :   Orc:1 [   Orc:2 *[(?   Snake:1 :   Snake:4 (   Vaults:2 ?   Vaults:3 ?

Annotations:
D:4 1 runed translucent door, Dowan; Duvessa; Pikel; hattop's ghost, amateur DrSh
D:7 exclusion: oklob plant
Snake:4 3 runed translucent doors, exclusion: 3 doors, Pooter's ghost, adept MiBe
Vaults:1 36 runed translucent doors, exclusion: 36 doors


Innate Abilities, Weirdness & Mutations

You are a creature with a mouth for a stomach.
Your midsection houses a second, enormous mouth.
((You are very nimble when in or above water. (Stealth+, EV+, Speed+++)))
Your lower body shifts to a powerful aquatic tail in water.
You possess an exceptional clarity of mind.
You are strong-willed. (Will+)
You passively map a small area around you.
Your spells are a little harder to cast, but a little more powerful.


Message History

No target in view!
No target in view!
You reach down and open the door.
Found a scimitar.
There is an open door here.
You reach down and open the door.
There is an open door here.
You reach down and open the door.
There is an open door here.
You reach down and open the door.
There is an open door here.
Found a scimitar.
A vault warden comes into view.
It is wielding a +2 dire flail of protection.
A vault warden is nearby!
The vault warden shouts!
The vault warden completely misses you.
You punch the vault warden! Your punch misses the vault warden.
Your bite misses the vault warden.
The vault warden is lightly wounded.
The vault warden misses you.
You closely miss the vault warden. You bite the vault warden!!
The vault warden is heavily wounded.
You punch the vault warden! You bite the vault warden!
The vault warden is severely wounded.
The vault warden completely misses you.
You punch the vault warden! You punch the vault warden.
You kill the vault warden!
Trog accepts your kill.
Trog appreciates your killing of a magic user.
No target in view!
No target in view!
Things that are here:
a +2 dire flail of protection; a +0 plate armour A war gargoyle comes into view.
It is wielding a +2 heavy flail.
The war gargoyle moves out of view.
A peacekeeper and a war gargoyle come into view.
The war gargoyle is wielding a +1 great mace of protection.
There are monsters nearby!
There are monsters nearby!
The war gargoyle completely misses you.
You see here a +0 scimitar.
The war gargoyle attacks as it pursues you!
The war gargoyle hits you with a +2 heavy flail!
You take 16 damage, and have 164/180 hp.
You hit the war gargoyle but do no damage.
You bite the war gargoyle!
The war gargoyle is lightly damaged.
The peacekeeper roars!
You barely miss the war gargoyle.
The war gargoyle is lightly damaged.
You hit the war gargoyle.
You bite the war gargoyle, but do no damage.
The war gargoyle is moderately damaged.
The war gargoyle launches metal splinters at you.
The spray of metal splinters misses you.
You hit the war gargoyle but do no damage.
Your bite misses the war gargoyle.
The war gargoyle is moderately damaged.
The war gargoyle completely misses you. x2
You punch the war gargoyle! Your punch misses the war gargoyle.
Your bite misses the war gargoyle.
The war gargoyle is heavily damaged.
The war gargoyle closely misses you.
You hit the war gargoyle but do no damage.
You bite the war gargoyle!
The war gargoyle is severely damaged.
The war gargoyle misses you.
You pummel the war gargoyle!!
You destroy the war gargoyle!
Trog accepts your kill.
The war gargoyle launches metal splinters at you.
The spray of metal splinters misses you.
The peacekeeper roars a battlecry!
The war gargoyle goes into a battle-frenzy!
You hit the war gargoyle but do no damage.
You bite the war gargoyle, but do no damage.
You hit the peacekeeper but do no damage.
You bite the peacekeeper.
The peacekeeper is lightly damaged.
The war gargoyle hits you with a +1 great mace of protection!!!
You hear a shout!
You take 63 damage, and have 107/180 hp.
MASSIVE DAMAGE!!
You pummel the peacekeeper!!
You bite the peacekeeper, but do no damage.
The peacekeeper is severely damaged.
The peacekeeper completely misses you. x2; The war gargoyle barely misses you.
You pummel the peacekeeper!!
You destroy the peacekeeper!
Trog accepts your kill.
You hit the war gargoyle. Your bite misses the war gargoyle.
The war gargoyle is lightly damaged.
The war gargoyle hits you with a +1 great mace of protection!!!!
* * * LOW HITPOINT WARNING * * *
You take 72 damage, and have 36/180 hp.
MASSIVE DAMAGE!!
You are too injured to fight recklessly!
A red film seems to cover your vision as you go berserk!
You feel yourself moving faster!
You feel mighty!
The war gargoyle hits you with a +1 great mace of protection!!!
You die...

, #..........#* ,
#..........+, *
#.###.###..+ * * , , ,
, #.#....#* * , ,
,###.###..# *
#....)#..########
###.###..'......#
#.#...#..#......# ,
.###.#.#W######......#
* .......)9# #......#
.........# ###....#
########## ###'##..#
#..##+###
#########....###
#.......'......#
#..###..#......#
#..#§§..#......#


You could see a war gargoyle (strong).

Vanquished Creatures
  Saint Roka (Vaults:1)
  2 sphinxes
  Gastronok (Lair:2)
  Asterion (Vaults:1)
  A fenstrider witch (Swamp:1)
  2 fire giants (D:15)
  7 nagarajas
  6 vault wardens
  A reaper (IceCv)
  An orc warlord (Vaults:3)
  2 formless jellyfish (Vaults:1)
  10 ironbound preservers
  4 eleionomae
  2 ironbound thunderhulks (Vaults:3)
  2 bunyips
  A war gargoyle (Vaults:4)
  Azrael (D:15)
  A minotaur (Gauntlet)
  2 ettins
  2 shambling mangroves (Swamp:2)
  2 crystal guardians (Vaults:3)
  5 fire dragons
  5 great orbs of eyes
  An entropy weaver (Gauntlet)
  6 yaktaur captains
  An entropy weaver (shapeshifter) (D:14)
  2 peacekeepers
  6 salamander tyrants
  26 hydras
  2 vault guards (Vaults:3)
  6 ogre magi
  A spriggan air mage (Swamp:4)
  15 anacondas
  11 centaur warriors
  14 alligators
  5 ghost crabs
  Erica (D:10)
  A catoblepas (Lair:1)
  22 two-headed ogres
  7 boulder beetles
  6 ironbound frosthearts
  21 death yaks
  A satyr (shapeshifter) (Vaults:1)
  3 tengu warriors
  An orc high priest (Vaults:1)
  A spriggan berserker (Swamp:2)
  8 shock serpents
  8 naga warriors
  A deep troll earth mage (Vaults:2)
  8 naga sharpshooters
  A titan skeleton (Vaults:3)
  5 skeletal warriors (D:15)
  11 salamander mystics
  2 skysharks
  11 goliath frogs
  5 arcanists
  12 mana vipers
  4 spriggan druids
  11 swamp dragons
  An orb spider (shapeshifter) (D:15)
  38 deep trolls
  17 lindwurms
  8 bog bodies
  5 necromancers
  8 naga ritualists
  11 ironbound convokers
  A tengu zombie (Vaults:1)
  6 harpies
  A harpy (shapeshifter) (D:14)
  25 ugly things
  2 deep elf pyromancers
  A frost giant zombie (Vaults:2)
  2 oklob plants
  A fire giant zombie (Vaults:2)
  An orc sorcerer (Orc:2)
  4 orc knights
  Maurice (D:8)
  31 salamanders
  8 will-o-the-wisps
  15 elephants
  4 kobold blastminers
  12 cyclopes
  2 fire giant skeletons
  4 manticores
  A stone giant skeleton (Vaults:1)
  17 slime creatures
  6 guardian serpents
  An ice statue (IceCv)
  10 vault sentinels
  A torpor snail (Lair:5)
  12 naga magi
  3 molten gargoyles (Lair:5)
  49 black mambas
  9 cane toads
  5 gargoyles
  A yaktaur zombie (Vaults:1)
  6 rime drakes
  A kobold demonologist (D:11)
  An efreet (D:14)
  10 komodo dragons
  15 yaktaurs
  5 unseen horror zombies (D:9)
  Psyche (D:10)
  2 tengu conjurers
  3 freezing wraiths
  2 anaconda simulacra (IceCv)
  9 trolls
  A yaktaur skeleton (Vaults:2)
  12 hornets
  6 tyrant leeches
  4 polar bears (D:12)
  11 blink frogs
  5 dream sheep (Lair:4)
  An elf skeleton (Vaults:3)
  Sigmund (D:3)
  14 wyverns
  9 spriggans
  2 spriggans (shapeshifter) (D:14)
  2 shadows (D:11)
  2 dire elephant simulacra (IceCv)
  44 yaks
  2 vampires
  3 wraiths
  2 steam dragons
  5 fire elementals (D:15)
  A warg (Orc:1)
  Grum (D:10)
  15 basilisks
  A warg (shapeshifter) (D:13)
  33 nagas
  A redback (Gauntlet)
  Menkaure (D:7)
  13 swamp worms
  3 death yak simulacra (IceCv)
  3 hydra simulacra (IceCv)
  4 acid dragons
  A glowing shapeshifter skeleton (Vaults:3)
  6 hell hounds
  13 water moccasins
  11 swamp drakes
  An ice beast (shapeshifter) (D:14)
  2 sky beasts
  4 black bears
  An ice beast (D:8)
  20 orc warriors
  24 wolves
  23 ogres
  4 boggarts (D:14)
  10 centaurs
  2 phantoms
  An elf simulacrum (Vaults:3)
  5 kobold brigands
  8 bullfrogs
  A gnoll sergeant (D:8)
  An entropy weaver simulacrum (Vaults:2)
  3 two-headed ogre simulacra (IceCv)
  3 earth elementals (Swamp:4)
  3 cane toad simulacra (IceCv)
  3 scorpions
  9 wights
  10 killer bees
  4 howler monkeys
  3 electric eels
  2 centaur zombies (D:9)
  7 lava snakes
  A hound (D:6)
  8 jellies
  2 gnoll boudas
  12 orc priests
  5 iguanas
  2 sleepcaps (D:5)
  12 orc wizards
  A polar bear simulacrum (IceCv)
  4 troll simulacra (IceCv)
  5 spriggan simulacra (IceCv)
  10 hell rats
  A killer bee zombie (D:9)
  4 wolf simulacra (IceCv)
  2 howler monkey zombies (D:9)
  9 gnolls
  9 naga simulacra (IceCv)
  4 adders
  A river rat (D:10)
  8 white imps
  15 ufetubi
  A ribbon worm (D:3)
  A dart slug (D:1)
  71 orcs
  9 ball pythons
  17 endoplasms
  5 giant cockroaches
  7 hobgoblins
  3 quokkas
  10 bats
  2 frilled lizards
  5 goblins
  41 kobolds
  9 rats
1371 creatures vanquished.

Vanquished Creatures (collateral kills)
  A tentacled monstrosity (Swamp:2)
  Rupert (Lair:3)
  Agnes (D:14)
  2 vault wardens (Vaults:1)
  3 ironbound preservers
  A hydra (Swamp:4)
  A two-headed ogre (D:9)
  2 orc high priests (Vaults:1)
  A swamp dragon (Swamp:4)
  3 deep trolls
  A goliath frog (Swamp:4)
  An ironbound convoker (Vaults:1)
  2 orc knights (Vaults:1)
  A will-o-the-wisp (Swamp:4)
  4 yaktaurs (Vaults:1)
  A hornet (Swamp:4)
  A spriggan (Swamp:4)
  A basilisk (Lair:3)
  A centaur (D:9)
  A kobold brigand (D:9)
  A bullfrog (D:9)
  An orc priest (Vaults:1)
  2 kobolds (D:9)
34 creatures vanquished.

Vanquished Creatures (others)
  A hydra (Swamp:4)
  A goliath frog (Swamp:2)
  A salamander (Snake:4)
  A vault sentinel (Vaults:3)
  9 bloated husks
  2 swamp drakes (Swamp:4)
  2 orc wizards
  48 foxfires
65 creatures vanquished.

Grand Total: 1470 creatures vanquished

Notes
Turn   | Place    | Note
-------+----------+-------------------------------------------
     0 | D:1      | gimp the Merfolk Shapeshifter began the quest for the Orb.
     0 | D:1      | Reached XP level 1. HP: 15/15 MP: 1/1
   145 | D:1      | Reached skill level 3 in Dodging
   145 | D:1      | Reached XP level 2. HP: 18/21 MP: 2/2
   808 | D:1      | Reached XP level 3. HP: 27/27 MP: 3/3
  1548 | D:2      | Identified the +6 whip of the Owl {pain, ^Contam Int+6
                  | Dex+2}
  2035 | D:3      | Reached XP level 4. HP: 33/34 MP: 4/4
  2111 | D:3      | Found a white marble altar of Elyvilon.
  2111 | D:3      | Found a glowing golden altar of the Shining One.
  2111 | D:3      | Found a hide-covered altar of Uskayaw.
  2271 | D:3      | Found a faded altar of an unknown god.
  2279 | D:3      | Noticed Sigmund
  2301 | D:3      | Killed Sigmund
  2302 | D:3      | Reached skill level 4 in Dodging
  2302 | D:3      | Reached skill level 5 in Shapeshifting
  2302 | D:3      | Reached XP level 5. HP: 41/41 MP: 5/5
  2302 | D:3      | Reached XP level 6. HP: 47/47 MP: 6/6
  2638 | D:4      | Noticed hattop's ghost (amateur DrSh)
  2638 | D:4      | Found a runed translucent door.
  2640 | D:4      | Noticed Duvessa
  2662 | D:4      | Noticed Pikel
  2831 | D:4      | Noticed Dowan
  2836 | D:5      | Entered Level 5 of the Dungeon
  2907 | D:5      | Identified the +6 mace "Nudd" {vamp, rPois Stlth+}
  2928 | D:5      | Reached skill level 5 in Dodging
  3014 | D:5      | Reached skill level 5 in Unarmed Combat
  3034 | D:5      | Reached XP level 7. HP: 33/53 MP: 7/7
  3553 | D:5      | Reached skill level 6 in Dodging
  3977 | D:6      | Reached XP level 8. HP: 46/61 MP: 8/8
  4118 | D:6      | Identified the +5 long sword of Okawaru's Esteem {drain,
                  | rN+ Dex+3}
  4139 | D:6      | Found a bloodstained altar of Trog.
  4140 | D:6      | Found an iron altar of Okawaru.
  4142 | D:6      | Found a shadowy altar of Dithmenos.
  4142 | D:6      | Found a basalt altar of Yredelemnul.
  4144 | D:6      | Found a sparkling altar of Nemelex Xobeh.
  4144 | D:6      | Found a blossoming altar of Fedhas.
  4145 | D:6      | Found a sacrificial altar of Ru.
  4147 | D:6      | Became a worshipper of Trog the Wrathful
  4340 | D:6      | Reached skill level 5 in Fighting
  4556 | D:7      | Found a staircase to the Ecumenical Temple.
  4599 | D:7      | Noticed an oklob plant
  4695 | Temple   | Entered the Ecumenical Temple
  4720 | D:7      | Reached skill level 7 in Dodging
  4861 | D:7      | Reached * piety under Trog
  5261 | D:7      | Reached XP level 9. HP: 69/69 MP: 9/9
  5412 | D:7      | Reached skill level 8 in Dodging
  5562 | D:7      | Noticed Menkaure
  5571 | D:7      | Killed Menkaure
  6028 | D:8      | Noticed Maurice
  6119 | D:8      | Maurice stole a serpent talisman
  6121 | D:8      | Maurice stole 437 gold
  6124 | D:8      | Killed Maurice
  6226 | D:8      | Noticed a two-headed ogre
  6231 | D:8      | Killed a two-headed ogre
  6232 | D:8      | Reached skill level 9 in Dodging
  6232 | D:8      | Reached XP level 10. HP: 50/79 MP: 10/10
  6275 | D:8      | Reached ** piety under Trog
  6428 | D:8      | Noticed a manticore
  6440 | D:8      | Killed a manticore
  6441 | D:8      | Reached skill level 10 in Dodging
  6447 | D:8      | Noticed a centaur warrior
  6455 | D:8      | Killed a centaur warrior
  6456 | D:8      | Reached skill level 10 in Shapeshifting
  6461 | D:8      | Noticed a centaur warrior
  6478 | D:8      | Gained mutation: Your spells are a little harder to cast,
                  | but a little more powerful. [potion of mutation]
  6478 | D:8      | Gained mutation: You possess an exceptional clarity of
                  | mind. [potion of mutation]
  6478 | D:8      | Gained mutation: You are strong-willed. (Will+) [potion of
                  | mutation]
  6478 | D:8      | Gained mutation: You passively map a small area around you.
                  | [potion of mutation]
  6686 | D:8      | Killed a centaur warrior
  6700 | D:8      | Noticed a cyclops
  6706 | D:8      | Killed a cyclops
  6745 | D:8      | Noticed a centaur warrior
  6759 | D:8      | Killed a centaur warrior
  6760 | D:8      | Reached skill level 11 in Dodging
  6765 | D:8      | Reached XP level 11. HP: 38/89 MP: 11/11
  7494 | D:9      | Reached skill level 10 in Unarmed Combat
  7559 | D:9      | Noticed a two-headed ogre
  7571 | D:9      | Killed a two-headed ogre
  7616 | D:9      | Noticed a two-headed ogre
  7616 | D:9      | Noticed a two-headed ogre
  7618 | D:9      | Found the +6 shillelagh "Devastator" {shatter}
  7622 | D:9      | Killed a two-headed ogre
  7626 | D:9      | Killed a two-headed ogre
  7631 | D:9      | Reached skill level 12 in Dodging
  7676 | D:9      | Paralysed by a hornet for 2 turns
  7718 | D:9      | Found Keydaeng's Book Emporium.
  7749 | D:9      | Reached skill level 10 in Fighting
  8083 | D:9      | Found an ornate altar of the Wu Jian Council.
  8198 | D:10     | Entered Level 10 of the Dungeon
  8221 | D:10     | Noticed Erica
  8230 | D:10     | Killed Erica
  8303 | D:10     | Noticed a two-headed ogre
  8312 | D:10     | Killed a two-headed ogre
  8382 | D:10     | Noticed a two-headed ogre
  8404 | D:10     | Killed a two-headed ogre
  8405 | D:10     | Reached XP level 12. HP: 98/98 MP: 12/12
  8427 | D:10     | Noticed Psyche
  8456 | D:10     | Noticed Grum
  8472 | D:10     | Killed Grum
  8511 | D:10     | Found a staircase to the Lair.
  8513 | D:10     | Reached *** piety under Trog
  8539 | D:10     | Killed Psyche
  8624 | D:10     | Found a burning altar of Makhleb.
  9033 | D:10     | Reached skill level 13 in Dodging
  9722 | D:11     | Identified the +2 robe "Yzovobb" {Harm rF+ Str+3 Dex+2}
  9723 | D:11     | Identified the scarf of Wariness {harm, -Tele Will++ Str+4}
 10114 | D:12     | Found a staircase to the Orcish Mines.
 10122 | D:12     | Reached **** piety under Trog
 10158 | D:12     | Found a frozen archway.
 10190 | D:12     | Reached skill level 14 in Dodging
 10319 | IceCv    | Entered an ice cave
 10457 | IceCv    | Reached XP level 13. HP: 83/107 MP: 13/13
 10662 | IceCv    | Noticed a reaper
 10684 | IceCv    | Killed a reaper
 10788 | IceCv    | Identified the +3 halberd of Idusin {heavy, rElec rCorr
                  | Int+4 Dex+3}
 10849 | IceCv    | Reached ***** piety under Trog
 12004 | Lair:1   | Entered Level 1 of the Lair of Beasts
 12219 | Lair:1   | Reached skill level 15 in Dodging
 12349 | Lair:1   | Received a gift from Trog
 13409 | Lair:2   | Found a staircase to the Swamp.
 13554 | Lair:2   | Noticed Gastronok
 13568 | Lair:2   | Killed Gastronok
 13569 | Lair:2   | Reached XP level 14. HP: 118/118 MP: 14/14
 13994 | Lair:3   | Reached skill level 15 in Shapeshifting
 14257 | Lair:3   | Reached skill level 16 in Dodging
 14368 | Lair:3   | Noticed Rupert
 14391 | Lair:3   | Killed Rupert
 14671 | Lair:3   | Found a staircase to the Snake Pit.
 15364 | Lair:4   | Found a staircase to the Slime Pits.
 15613 | Lair:4   | Identified the +1 robe of the Guava {rF+ Dex+3}
 15754 | Lair:4   | Reached skill level 17 in Dodging
 15802 | Lair:4   | Received a gift from Trog
 15983 | Lair:5   | Entered Level 5 of the Lair of Beasts
 16138 | Lair:5   | Reached skill level 15 in Unarmed Combat
 16142 | Lair:5   | Reached XP level 15. HP: 123/123 MP: 15/15
 16238 | Lair:5   | Found a gate leading to a gauntlet.
 16256 | Gauntlet | Entered a Gauntlet
 16256 | Gauntlet | Found a transporter.
 16256 | Gauntlet | Found a transporter.
 16260 | Gauntlet | Found a transporter.
 16272 | Gauntlet | Found a transporter.
 16288 | Gauntlet | Found a transporter.
 16296 | Gauntlet | Found a transporter.
 16296 | Gauntlet | Found a transporter.
 16299 | Gauntlet | Found a transporter.
 16313 | Gauntlet | Found a transporter.
 16337 | Gauntlet | Found a transporter.
 16360 | Gauntlet | Found a transporter.
 16376 | Gauntlet | Found a transporter.
 16393 | Gauntlet | Found a transporter.
 16405 | Gauntlet | Found a transporter.
 16492 | Gauntlet | Found a transporter.
 16508 | Gauntlet | Found a transporter.
 16703 | Gauntlet | Identified the +1 pair of gloves of Mianal {rC+ Regen+
                  | Stlth+}
 16787 | Gauntlet | Identified the ring of Ittodew {Fly rPois rC++ Str-2}
 16824 | Gauntlet | Reached skill level 18 in Dodging
 16885 | Gauntlet | Identified a scroll of acquirement
 16887 | Gauntlet | Acquired 666 gold pieces
 17646 | Lair:5   | Found a large runed translucent door.
 17661 | Lair:5   | Received a gift from Trog
 17732 | Lair:5   | Found a large runed translucent door.
 18111 | Orc:1    | Entered Level 1 of the Orcish Mines
 18227 | Orc:2    | Entered Level 2 of the Orcish Mines
 18321 | Orc:2    | Reached skill level 19 in Dodging
 18536 | Orc:2    | Identified the +5 short sword of Goath {heavy, *Slow rPois
                  | rN+++} (Trog gifted it to you on level 2 of the Orcish
                  | Mines)
 18536 | Orc:2    | Received a gift from Trog
 18552 | Orc:2    | Reached XP level 16. HP: 130/130 MP: 16/16
 18630 | Orc:2    | Found Eneil's Weapon Shop.
 18630 | Orc:2    | Found Etwur's Assorted Antiques.
 18631 | Orc:2    | Found Bumeapt's Magic Scroll Shoppe.
 18631 | Orc:2    | Found Weptoadu's Antique Armour Shop.
 18650 | Orc:2    | Bought a scroll of fear for 56 gold pieces
 18650 | Orc:2    | Bought a scroll of teleportation for 42 gold pieces
 18655 | Orc:2    | Bought a scroll of fog for 120 gold pieces
 18655 | Orc:2    | Bought a scroll of poison for 120 gold pieces
 18656 | Orc:2    | Bought a glowing helmet for 232 gold pieces
 18878 | Orc:2    | Found a staircase to the Elven Halls.
 19275 | Orc:1    | Found Ulo Leiteu's Antique Armour Boutique.
 19284 | Orc:1    | Bought a pair of faintly humming boots for 275 gold pieces
 19284 | Orc:1    | Identified the -1 pair of boots "Saipuesch" {Rampage Int+3}
                  | (You bought it in a shop on level 1 of the Orcish Mines)
 19367 | Orc:1    | Reached ****** piety under Trog
 20163 | D:14     | Found a sacrificial altar of Ru.
 20170 | D:14     | Reached skill level 20 in Dodging
 20503 | D:14     | Received a gift from Trog
 20582 | D:14     | Found a gate to the Vaults.
 20588 | D:14     | Acquired a manual of Dodging
 20812 | D:14     | Reached skill level 1 in Evocations
 20878 | D:14     | Noticed Agnes
 20881 | D:14     | Killed Agnes
 20912 | D:15     | Entered Level 15 of the Dungeon
 21139 | D:15     | Reached skill level 21 in Dodging
 21156 | D:15     | Reached XP level 17. HP: 133/137 MP: 17/17
 21476 | D:15     | Found a glowing golden altar of the Shining One.
 21593 | D:15     | Identified the +7 halberd of Nihilism {flame, +Blink Str+2}
                  | (Trog gifted it to you on level 15 of the Dungeon)
 21593 | D:15     | Received a gift from Trog
 21711 | D:15     | Found a staircase to the Depths.
 22056 | D:15     | Noticed Azrael
 22104 | D:15     | Killed Azrael
 22364 | Swamp:1  | Entered Level 1 of the Swamp
 22522 | Swamp:1  | Reached skill level 22 in Dodging
 22727 | Swamp:1  | Reached skill level 5 in Evocations
 23487 | Swamp:2  | Noticed a tentacled monstrosity
 23518 | Swamp:2  | Killed a tentacled monstrosity
 23838 | Swamp:2  | Reached skill level 23 in Dodging
 24158 | Swamp:2  | Reached XP level 18. HP: 140/147 MP: 18/18
 24678 | Swamp:3  | Reached skill level 15 in Fighting
 24806 | Swamp:4  | Entered Level 4 of the Swamp
 24960 | Swamp:4  | Received a gift from Trog
 25068 | Swamp:4  | Reached skill level 24 in Dodging
 25581 | Swamp:4  | Got a decaying rune of Zot
 25980 | Snake:1  | Entered Level 1 of the Snake Pit
 26427 | Snake:1  | Found Huerr's Book Shop.
 26715 | Snake:1  | Received a gift from Trog
 27213 | Snake:2  | Reached skill level 25 in Dodging
 27220 | Snake:2  | Reached XP level 19. HP: 128/157 MP: 19/19
 27550 | Snake:2  | Identified the +6 chain mail of the Villain {Harm Int+3}
 28347 | Snake:3  | Found a glowing silver altar of Zin.
 28895 | Snake:4  | Entered Level 4 of the Snake Pit
 29042 | Snake:4  | Found Paan's Weapon Shop.
 29100 | Snake:4  | Received a gift from Trog
 29336 | Snake:4  | Reached skill level 10 in Evocations
 29429 | Snake:4  | Reached skill level 26 in Dodging
 29450 | Snake:4  | Found a runed translucent gate.
 29450 | Snake:4  | Found a runed translucent gate.
 29451 | Snake:4  | Found a runed translucent gate.
 29453 | Snake:4  | Noticed Pooter's ghost (adept MiBe)
 30071 | Snake:4  | Reached XP level 20. HP: 166/166 MP: 20/20
 30152 | Snake:4  | Received a gift from Trog
 30230 | Snake:4  | Got a serpentine rune of Zot
 30632 | Vaults:1 | Entered Level 1 of the Vaults
 30685 | Vaults:1 | Identified the +10 whip "Quusiawk" {protect, Fly rElec rC-
                  | Dex+4}
 30844 | Vaults:1 | Noticed Saint Roka
 30874 | Vaults:1 | Killed Saint Roka
 31042 | Vaults:1 | Identified the +1 robe "Gyghich" {rPois Will+ Int+2 SInv}
 31051 | Vaults:1 | Found a huge runed translucent gate.
 31051 | Vaults:1 | Found a huge runed translucent gate.
 31051 | Vaults:1 | Found a huge runed translucent gate.
 31051 | Vaults:1 | Found a huge runed translucent gate.
 31051 | Vaults:1 | Found a huge runed translucent gate.
 31051 | Vaults:1 | Found a huge runed translucent gate.
 31051 | Vaults:1 | Found a huge runed translucent gate.
 31051 | Vaults:1 | Found a huge runed translucent gate.
 31051 | Vaults:1 | Found a huge runed translucent gate.
 31052 | Vaults:1 | Found a huge runed translucent gate.
 31052 | Vaults:1 | Found a huge runed translucent gate.
 31052 | Vaults:1 | Found a huge runed translucent gate.
 31052 | Vaults:1 | Found a huge runed translucent gate.
 31052 | Vaults:1 | Found a huge runed translucent gate.
 31052 | Vaults:1 | Found a huge runed translucent gate.
 31054 | Vaults:1 | Found a huge runed translucent gate.
 31055 | Vaults:1 | Found a huge runed translucent gate.
 31056 | Vaults:1 | Found a huge runed translucent gate.
 31057 | Vaults:1 | Found a huge runed translucent gate.
 31058 | Vaults:1 | Found a huge runed translucent gate.
 31058 | Vaults:1 | Found a huge runed translucent gate.
 31123 | Vaults:1 | Found a huge runed translucent gate.
 31124 | Vaults:1 | Found a huge runed translucent gate.
 31124 | Vaults:1 | Found a huge runed translucent gate.
 31124 | Vaults:1 | Found a huge runed translucent gate.
 31124 | Vaults:1 | Found a huge runed translucent gate.
 31126 | Vaults:1 | Found a huge runed translucent gate.
 31127 | Vaults:1 | Found a huge runed translucent gate.
 31128 | Vaults:1 | Found a huge runed translucent gate.
 31128 | Vaults:1 | Found a huge runed translucent gate.
 31133 | Vaults:1 | Found a huge runed translucent gate.
 31134 | Vaults:1 | Found a huge runed translucent gate.
 31134 | Vaults:1 | Found a huge runed translucent gate.
 31134 | Vaults:1 | Found a huge runed translucent gate.
 31134 | Vaults:1 | Found a huge runed translucent gate.
 31136 | Vaults:1 | Found a huge runed translucent gate.
 31373 | Vaults:1 | Identified the +5 great mace of the Shark {heavy, rPois rF+
                  | Will+ Str+3} (Trog gifted it to you on level 1 of the
                  | Vaults)
 31373 | Vaults:1 | Received a gift from Trog
 31538 | Vaults:1 | Noticed Asterion
 31621 | Vaults:1 | Killed Asterion
 32119 | Vaults:1 | Identified the +4 hand axe of Offence {freeze, Dex+5}
 32120 | Vaults:1 | Identified the +1 pair of gloves of Duck's Teeth {rC+ Will+
                  | Int+4}
 32267 | Vaults:2 | Reached skill level 27 in Dodging
 32336 | Vaults:2 | Received a gift from Trog
 32442 | Vaults:2 | Reached XP level 21. HP: 176/177 MP: 21/21
 32753 | Vaults:2 | Found Dais's Magic Scroll Shop.
 32761 | Vaults:2 | Bought a scroll of fog for 64 gold pieces
 32761 | Vaults:2 | Bought a scroll of fear for 64 gold pieces
 32761 | Vaults:2 | Bought a scroll of fear for 64 gold pieces
 33295 | Vaults:2 | Found a staircase to the Crypt.
 33295 | Vaults:2 | Found a basalt altar of Yredelemnul.
 33295 | Vaults:2 | Found an ancient bone altar of Kikubaaqudgha.
 33773 | Vaults:3 | Received a gift from Trog
 33974 | Vaults:3 | Found Binoip's Magic Scroll Boutique.
 33982 | Vaults:3 | Bought a scroll of blinking for 142 gold pieces
 33982 | Vaults:3 | Bought a scroll of blinking for 142 gold pieces
 33982 | Vaults:3 | Bought a scroll of teleportation for 57 gold pieces
 33982 | Vaults:3 | Bought a scroll of fog for 76 gold pieces
 33982 | Vaults:3 | Bought 3 scrolls of teleportation for 171 gold pieces
 33982 | Vaults:3 | Bought 3 scrolls of revelation for 427 gold pieces
 34261 | Vaults:3 | You are sucked into a shaft and drop 1 floor!
 34327 | Vaults:4 | Mangled by a war gargoyle

Illustrated notes

Levels and vault maps discovered:
D:1:      dpeg_arrival_more_subterranean_lakeside_camping, layout_basic,
          minmay_heptomino_o4
D:2:      layout_loops_corners
D:3:      layout_basic, chequers_temple_overflow_statue_of_worship,
          ebering_ecumenical_altar_rust, uniq_sigmund
D:4:      layout_cave_pools, mainiacjoe_overflow_alcove_2,
          hellmonk_ghost_happy_afterlife, serial_shops,
          nicolae_shop_gibbet_a_chance, uniq_duvessa, uniq_pikel
D:5:      kennysheep_kobold_camp, layout_basic, corexii_shack
D:6:      layout_basic, grunt_temple_overflow_open, minmay_misc_feat_encased,
          nrook_uturn, corexii_shack, kennysheep_generic_room_14
D:7:      lemuel_slime, layout_gridville, minmay_temple_entry_trees,
          sigmund_army, uniq_menkaure
D:8:      minmay_the_grid_octo_2x2 [minmay_the_grid_octo_thin_diamonds,
          minmay_the_grid_octo_toaster, minmay_the_grid_octo_horde,
          minmay_the_grid_octo_prize_single_spiral], layout_basic, uniq_maurice
D:9:      layout_irregular_city, pdpol_wu_jian_five_deadly_venoms,
          serial_undead, serial_undead_e, serial_undead_f, serial_undead_f,
          serial_undead_f, serial_shops, nicolae_shop_tiny_real_fake_doors,
          dilly_guarded_unrand_devastator
D:10:     layout_long_grid, mainiacjoe_overflow_catwalk, dpeg_lair_monsters,
          uniq_psyche, uniq_grum, uniq_erica
D:11:     minmay_bubble_buster, layout_basic, serial_corexii_hall,
          chequers_hall_statues_corner_a, chequers_hall_statues_wall_a,
          kennysheep_nondescript
D:12:     layout_loops_ring, david_orc_3,
          portal_ice_cave_entry_animals_and_master
D:13:     layout_rooms
D:14:     minmay_octagon_keep, layout_basic, david_vaults_4,
          nicolae_ru_awakened_eye, uniq_agnes
D:15:     grunt_enter_depths_giant_problem, layout_cave_pods, tso_altar,
          nicolae_doodle_vault, uniq_azrael
Temple:   compressed_dpeg_triangle_lava_temple
Lair:1:   layout_cave_pods, wad_woods_river_01
Lair:2:   layout_regular_city, skrybe_swamp_entry_bodies,
          chequers_serial_rivers_small_a, minivault_25, uniq_gastronok
Lair:3:   layout_cave_pods, nicolae_snake_entry_warm_welcome,
          grunt_megastairs_5, uniq_rupert
Lair:4:   layout_long_grid, slime_entry_1, special_room
          [special_room_mythical_zoo]
Lair:5:   cheibrodos_lair_end_hotspot, layout_gridlike, gauntlet_entry_generic
Swamp:1:  nicolae_swamp_standing_stones, layout_basic_swamp,
          nicolae_swamp_little_tower, swamp_pool_3, nicolae_swamp_super_fun_site
Swamp:2:  nzn_winding_woodlands_medium [nzn_winding_woodlands_5x5_checkerboard,
          nzn_winding_woodlands_5x15_river_crossing,
          nzn_winding_woodlands_5x5_cross, nzn_winding_woodlands_5x5_default,
          nzn_winding_woodlands_center_triple_pond,
          nzn_winding_woodlands_5x5_default,
          nzn_winding_woodlands_5x5_closed_star,
          nzn_winding_woodlands_5x15_lazy_stream,
          nzn_winding_woodlands_5x5_open_star], layout_falls_marsh,
          evilmike_swamp_ruin_house_5, swamp_pool_4
Swamp:3:  layout_basic_swamp, evilmike_swamp_ruin_house_1, swamp_pool_5
Swamp:4:  swamp_fiery, layout_basic_swamp, swamp_pool_1_2,
          nzn_swamp_blast_mining, nicolae_swamp_decorative_isthmus
Snake:1:  layout_honeycomb, minmay_shop_star, serial_bayou_shore_b
Snake:2:  layout_basic
Snake:3:  layout_basic, basic_altar, grunt_megastairs_1
Snake:4:  snake_pit_salamanders_mu, layout_basic, ebering_ghost_rock_garden,
          serial_shops, nicolae_shop_tiny_statue_garden
Orc:1:    layout_caves, serial_shops, nicolae_shop_rolling_square,
          nicolae_orc_takin'_care_of_business
Orc:2:    st_orc_ogre_mass, layout_caves, nicolae_orc_lava_room
Vaults:1: v_misc_5, nicolae_vaults_double_plus_2, st_octagons_2, v_rooms_4,
          v_rooms_5, nicolae_vaults_sesquioval_fish, v_misc_8,
          nicolae_vaults_stairing_the_circle, not_door_vault_mu,
          nicolae_vaults_lightning_bolt, grunt_vaults_diagonal,
          vaults_room_fours, vaults_dpeg_ring, vaults_room_semicircle,
          layout_vaults_big_room, uniq_asterion, uniq_saint_roka
Vaults:2: nicolae_vaults_swerve, nicolae_vaults_network_barrier,
          nicolae_vaults_tetromino_T_1, nicolae_vaults_closet_pinwheel_5,
          nicolae_vaults_stepped_doors, v_alt_pattern_6,
          serial_library_hellmonk_big_corner, nicolae_vaults_little_ls,
          vaults_room_grunt_arrival_ludios, minmay_crypt_entry_necro_gods,
          ontoclasm_vaults_gallery, nicolae_vaults_house_1, vaults_room_grid,
          layout_vaults_ring, serial_shops, shop
Vaults:3: nicolae_vaults_alarming, vaults_room_large_hall, v_misc_14,
          nicolae_vaults_tetromino_T_2, hangedman_vaults_slither,
          nicolae_vaults_heart-shaped_vault, vaults_dpeg_cross, v_misc_19,
          nicolae_vaults_specimen_jars, grunt_vaults_funnel, v_alt_pattern_2,
          nicolae_vaults_little_squares_5,
          nicolae_vaults_taking_the_gang_shopping, nicolae_vaults_tetromino_L_2,
          nicolae_vaults_tetromino_Z_2, layout_vaults_omnicross, serial_shops,
          shop
Vaults:4: st_spiral_rooms, nicolae_vaults_trapezoid_2,
          nicolae_vaults_weapon_check, nicolae_vaults_network_s,
          hangedman_vaults_slice, v_pattern_5, nicolae_vaults_sesquioval_fish,
          nicolae_vaults_ellipses_ellipsis, nicolae_vaults_asterisk,
          vaults_room_grid, ontoclasm_vaults_fault, vaults_mumra_chevron_long,
          vaults_room_pool, serial_ice_g, layout_vaults_omnibox, uniq_sojobo

Skill      XL: |  1  2  3  4  5  6  7  8  9 10 11 12 13 14 15 16 17 18 19 20 21 |
---------------+----------------------------------------------------------------+-----
Dodging        | 3 4 5 6 7 9 11 12 14 15 17 19 21 23 25 26 27 | 27.0
Fighting       | 2 3 4 6 7 9 10 11 13 14 15 17 18 19 | 19.0
Unarmed Combat | 4 5 6 8 9 11 12 13 15 16 17 18 19 20 21 22 | 22.0
Shapeshifting  | 5 6 7 9 10 12 13 14 16 17 19 | 19.0
Evocations     | 2 6 8 10 12 13 | 13.4

Action                     |  1- 3 |  4- 6 |  7- 9 | 10-12 | 13-15 | 16-18 | 19-21 || total
---------------------------+-------+-------+-------+-------+-------+-------+-------++-------
  Melee: Unarmed           |    91 |   128 |   400 |   512 |  1017 |  1325 |  1317 ||  4790
         Punch             |     1 |     2 |    13 |       |    30 |   201 |   287 ||   534
         Constrict         |       |       |       |    48 |   138 |       |       ||   186
         Tailslap          |       |       |       |     1 |    10 |    65 |       ||    76
         Maw               |       |       |       |       |    62 |   539 |   582 ||  1183
 Invoke: Berserk           |       |       |     3 |    13 |    22 |    16 |    18 ||    72
         Trog's Hand       |       |       |       |     2 |     3 |     5 |     2 ||    12
         Brothers in Arms  |       |       |       |       |       |     4 |     6 ||    10
  Evoke: Wand              |       |       |     4 |       |     2 |     1 |       ||     7
         Phantom mirror    |       |       |       |       |     2 |       |       ||     2
         Lightning rod     |       |       |       |       |     4 |       |     3 ||     7
    Use: Potion            |       |     5 |     1 |     9 |       |       |     1 ||    16
         Scroll            |       |       |     5 |     7 |    16 |     8 |     5 ||    41
   Stab: Sleeping          |     1 |     2 |     4 |     2 |     1 |    11 |     8 ||    29
         Invisible         |       |       |       |     3 |       |       |       ||     3
         Distracted        |       |       |       |       |       |     5 |     2 ||     7
 Armour: Animal skin       |    63 |    41 |   107 |       |       |       |       ||   211
         Skin              |       |    65 |    61 |   266 |   451 |   544 |   449 ||  1836
         Leather armour    |       |       |       |       |     3 |       |       ||     3
         Acid dragon scale |       |       |       |       |     2 |       |       ||     2
  Dodge: Dodged            |    38 |    56 |   316 |   541 |   855 |  1312 |  1308 ||  4426
   Form: Flux              |       |       |     1 |     1 |       |       |       ||     2
         Serpent           |       |       |       |     1 |     4 |       |       ||     5
                           |       |       |       |       |     3 |       |       ||     3
         Maw               |       |       |       |       |     1 |       |       ||     1

Table legend: (Time is in decaauts)
 A = Elapsed time spent in this place.
 B = Non-inter-level travel time spent in this place.
 C = Inter-level travel time spent in this place.
 D = Time resting spent in this place.
 E = Time spent auto-exploring this place.
 F = Levels seen in this place.
 G = Mean time per level.
                   A        B        C        D        E       F      G
               +--------+--------+--------+--------+--------+-----+--------+
         Total |  33112 |  31067 |   2045 |   1525 |  20436 |  37 |  894.9 |
       Dungeon |  13832 |  12981 |    851 |    588 |   9169 |  15 |  922.1 |
        Temple |     20 |     20 |      0 |      0 |     19 |   1 |   20.0 |
          Lair |   5541 |   5024 |    517 |    185 |   3588 |   5 | 1108.2 |
         Swamp |   2975 |   2773 |    202 |     91 |   1675 |   4 |  743.8 |
     Snake Pit |   4281 |   3937 |    344 |    334 |   2449 |   4 | 1070.2 |
  Orcish Mines |   1388 |   1270 |    118 |      0 |    753 |   2 |  694.0 |
        Vaults |   3468 |   3457 |     11 |    161 |   2293 |   4 |  867.0 |
      Ice Cave |    924 |    924 |      0 |     84 |    489 |   1 |  924.0 |
      Gauntlet |    679 |    679 |      0 |     79 |      0 |   1 |  679.0 |
               +--------+--------+--------+--------+--------+-----+--------+

Top non-repeatable levels by time:
     D:7: 1568 daAuts
Vaults:1: 1563 daAuts
 Snake:4: 1290 daAuts
  Lair:3: 1278 daAuts
    D:15: 1265 daAuts
  Lair:5: 1219 daAuts
     D:8: 1206 daAuts
Vaults:2: 1172 daAuts
    D:10: 1151 daAuts
 Snake:2: 1132 daAuts
     D:1: 1105 daAuts
  Lair:2: 1032 daAuts
  Lair:1: 1020 daAuts
  Lair:4: 991 daAuts
    D:12: 968 daAuts
